AoeStats
← Kaiser Ze

Arena

509599762Analyzed
1v1 RM · 5d ago on Sep 27, 2026· 27m 6s· 2 players
Game mode
Random Map
Map size
Tiny (2 player)
Population
200
Speed
Normal
Resources
Standard
Victory
Conquest
Starting age
Dark Age
Ending age
Imperial Age
RankedLock teamsTeams togetherTeam positionsShared explorationLock speedFull tech treeHidden civsTurbo modeCheats
Victory
Defeat
🇨🇳 Japanese · China
1230
+15
🇺🇸 Saxons · United States
1207
-15
Minika Wildflower
10:35 Feudal Age
14:20 Castle Age
12:40 Horse Collar
13:23 Double-Bit Axe
16:48 Loom
20:16 Bow Saw
23:17 Wheelbarrow
22:58 Heavy Plow
23:37 Town Watch
24:59 Fletching
25:09 Padded Archer Armor
24:58 Crossbowman
Kaiser Ze
10:07 Feudal Age
14:35 Castle Age
13:23 Double-Bit Axe
13:31 Gold Mining
16:59 Forging
21:52 Arson
23:24 Gambesons
23:56 Squires
24:31 Scale Mail Armor
27:40 Iron Casting
Connection lost

Rejoining the realm…

Still unreachable

The connection could not be restored.

Session expired

The server has moved on; the page needs a fresh start.